Map: [ESL] Waterfall

Players

Spirit (souL)

  • Race: Terran Terran
  • Spawn Location: 1:00

Serral - Winner!

  • Race: Zerg Zerg
  • Spawn Location: 7:00

Event: HomeStory Cup XXI

VOD

Have the link to the VOD?

Description

Time

  • Played on: July 23, 2022, 3:23 p.m.
  • Length: 20:56

All games in this series

Show
View Real Time Build Order
Export as new Build Order

Spirit Terran 

Build Orders: Command Center First (CC), Hellion Banshee 

Get SALT Encoding   

  12  0:00  SCV  
  13  0:12  SCV  
  14  0:17  Supply Depot  
  14  0:25  SCV  
  15  0:38  SCV  
  16  0:50  SCV  
  17  1:01  Command Center  
  17  1:03  SCV  
  18  1:14  Barracks  
  18  1:17  SCV  
  19  1:22  Refinery  
  19  1:29  SCV  
  19  1:31  Refinery  
  20  1:41  SCV  
  21  2:01  Orbital Command  
  21  2:02  Reaper  
  22  2:12  Orbital Command  
  22  2:19  Factory  
  22  2:28  SCV  
  23  2:30  Supply Depot  
  23  2:35  Barracks Reactor  
  23  2:39  SCV  
  23  2:40  SCV  
  25  2:51  SCV  
  25  2:52  SCV  
  27  3:00  Command Center  
  27  3:03  SCV  
  27  3:04  SCV  
  29  3:08  Starport  
  29  3:15  SCV  
  29  3:16  Hellion x2  
  29  3:19  SCV  
  35  3:21  Barracks Tech Lab  
  35  3:25  Supply Depot  
  35  3:27  SCV  
  35  3:31  SCV  
  37  3:37  Hellion  
  37  3:40  SCV  
  42  3:41  Hellion  
  42  3:43  SCV  
  43  3:49  Banshee  
  43  3:52  SCV  
  43  3:53  Cloaking Field  
  43  3:55  SCV  
  48  3:56  Barracks Tech Lab  
  48  4:03  Hellion  
  48  4:04  SCV  
  48  4:05  Hellion  
  48  4:07  SCV  
  54  4:12  Orbital Command  
  54  4:16  SCV, Stimpack  
  55  4:17  Marine  
  55  4:19  SCV  
  57  4:26  Supply Depot  
  57  4:28  SCV  
  58  4:31  SCV  
  58  4:33  Banshee  
  58  4:37  SCV  
  63  4:39  Refinery  
  63  4:40  Refinery, SCV  
  64  4:45  Barracks  
  64  4:48  Barracks, SCV  
  64  4:51  Engineering Bay  
  64  4:52  Orbital Command, SCV  
  66  4:53  Engineering Bay  
  66  4:55  Marine  
  66  5:03  Supply Depot  
  66  5:08  Barracks, SCV  
  66  5:09  Barracks  
  66  5:12  Marine  
  69  5:14  SCV  
  69  5:17  Factory Reactor  
  69  5:20  SCV x2  
  71  5:24  Terran Infantry Armor Level 1, Terran Infantry Weapons Level 1  
  71  5:26  SCV, Starport Reactor  
  72  5:30  Marine  
  72  5:32  SCV x2, Siege Tank  
  72  5:33  Marine x2  
  80  5:37  Barracks Tech Lab  
  80  5:38  SCV  
  81  5:43  Supply Depot  
  81  5:44  SCV, Supply Depot  
  81  5:46  SCV  
  81  5:49  Marauder  
  85  5:57  Barracks Reactor, Supply Depot  
  85  5:58  Concussive Shells, Barracks Reactor  
  85  5:59  Combat Shield  
  85  6:04  SCV x3, Marine x2  
  85  6:05  Marauder  
  85  6:06  Bunker  
  92  6:12  Siege Tank  
  92  6:14  Marauder  
  92  6:16  SCV x2  
  92  6:17  SCV  
  100  6:18  Refinery  
  100  6:22  Medivac, Marine  
  103  6:25  Supply Depot  
  103  6:26  Supply Depot  
  103  6:29  SCV x2, Medivac  
  103  6:30  SCV  
  108  6:33  Marine  
  109  6:43  Bunker  
  109  6:45  Supply Depot  
  109  6:47  SCV x3, Marauder x2  
  109  6:48  Supply Depot x2  
  109  6:49  Supply Depot  
  109  6:53  Siege Tank  
  117  6:59  SCV x3  
  117  7:00  Armory  
  120  7:05  Medivac  
  122  7:09  Marauder x2  
  122  7:13  Command Center  
  122  7:15  SCV  
  127  7:16  SCV  
  127  7:18  SCV  
  129  7:23  Supply Depot  
  129  7:25  Missile Turret  
  129  7:26  Refinery  
  129  7:27  SCV  
  130  7:30  Marauder  
  130  7:31  Siege Tank  
  130  7:34  Marauder  
  133  7:40  Marine x2  
  133  7:43  Supply Depot  
  131  7:46  Marine x2  
  131  7:47  SCV, Supply Depot  
  134  7:51  Marauder  
  134  7:56  Terran Infantry Weapons Level 2, Marauder  
  134  7:57  Terran Infantry Armor Level 2  
  134  7:58  Marine x4, Terran Vehicle Weapons Level 1  
  134  8:03  Marine x2  
  134  8:04  SCV  
  142  8:05  SCV  
  142  8:13  Marauder  
  142  8:16  Marine x4  
  142  8:17  Factory, Marauder  
  150  8:21  Marine x2  
  150  8:23  Medivac x2  
  156  8:31  Siege Tank  
  159  8:35  Barracks  
  159  8:36  SCV x2  
  159  8:37  Barracks  
  159  8:39  Barracks  
  161  8:44  Marine x4  
  161  8:45  Marauder  
  161  8:46  SCV  
  161  8:48  SCV  
  169  8:51  SCV  
  170  8:57  Medivac x2  
  170  9:02  Sensor Tower  
  174  9:03  Siege Tank, Planetary Fortress  
  174  9:07  Marine  
  178  9:17  Ghost Academy  
  178  9:19  Factory Tech Lab  
  178  9:23  Refinery  
  178  9:25  Refinery, Sensor Tower  
  178  9:26  Missile Turret  
  178  9:27  Command Center  
  178  9:28  Marine, Marauder  
  178  9:30  Barracks Tech Lab x3  
  181  9:35  Siege Tank  
  184  9:42  Medivac  
  184  9:43  Command Center  
  195  9:55  Ghost  
  191  10:05  Ghost  
  164  10:07  Siege Tank  
  164  10:10  SCV x3  
  164  10:13  Ghost  
  170  10:18  Ghost  
  153  10:22  SCV x3  
  156  10:30  Siege Tank  
  156  10:34  SCV x3, Marine x9  
  156  10:42  Siege Tank, Marine  
  156  10:46  SCV x3  
  156  10:47  Marine  
  160  10:51  Marine  
  160  10:52  Missile Turret x2, Marine x3  
  160  10:54  Marine  
  160  10:55  Orbital Command  
  165  10:58  SCV x3  
  165  11:02  Siege Tank  
  165  11:03  Marine, Marauder  
  174  11:04  Marine x3  
  174  11:05  Marine  
  174  11:08  Terran Vehicle Weapons Level 2  
  174  11:09  Marine  
  174  11:10  SCV x2  
  181  11:21  Siege Tank  
  181  11:22  Marine  
  181  11:23  Marauder  
  181  11:25  Marine  
  187  11:29  Marine  
  187  11:31  Marine  
  187  11:38  Orbital Command, Siege Tank  
  183  11:41  Ghost x4  
  183  11:43  Ghost  
  178  12:00  Siege Tank, Marine  
  176  12:02  Refinery  
  176  12:08  Medivac x2  
  180  12:09  Missile Turret, Sensor Tower  
  180  12:10  Ghost  
  182  12:15  Command Center  
  182  12:18  Ghost  
  182  12:19  Ghost x2  
  184  12:30  Orbital Command  
  184  12:32  Siege Tank  
  184  12:36  Marine  
  184  12:37  Marauder  
  190  12:38  Marine  
  190  12:45  Refinery  
  190  12:50  Refinery  
  170  12:51  Marine  
  170  12:52  Marauder  
  173  12:59  Siege Tank  
  173  13:00  Missile Turret  
  173  13:02  Planetary Fortress  
  173  13:03  SCV x4  
  173  13:04  Marine, Marauder  
  183  13:14  Marine  
  183  13:15  SCV, Marauder  
  183  13:19  SCV  
  188  13:25  Siege Tank  
  188  13:26  Missile Turret  
  191  13:27  Command Center  
  191  13:28  Missile Turret, Sensor Tower  
  191  13:32  Ghost x2  
  191  13:33  Marine  
  196  13:36  Orbital Command  
  196  13:39  Marine  
  194  13:54  Marine  
  194  13:55  Orbital Command  
  190  13:57  Siege Tank  
  190  13:59  Marine  
  190  14:00  SCV  
  185  14:02  Marine  
  185  14:03  Marine x2, Marauder x2  
  185  14:04  Marine  
  185  14:08  Command Center  
  193  14:10  Missile Turret  
  193  14:13  Liberator  
  194  14:32  Missile Turret  
  194  14:33  Supply Depot  
  194  14:43  Refinery  
  194  14:54  Siege Tank  
  194  14:55  SCV x3, Liberator  
  194  14:56  Marine  
  194  14:57  Marauder x3  
  194  14:59  Factory Tech Lab  
  183  15:01  Liberator  
  183  15:02  Marauder x2  
  183  15:03  Marine  
  179  15:09  Terran Infantry Weapons Level 3  
  179  15:10  Terran Infantry Armor Level 3  
  179  15:13  Marine  
  180  15:16  SCV x4  
  180  15:18  Marauder x3  
  180  15:20  Siege Tank  
  193  15:24  Marauder  
  193  15:28  Orbital Command  
  195  15:31  Siege Tank  
  198  15:44  Command Center  
  198  15:45  Orbital Command  
  198  15:49  Command Center  
  193  15:55  Marine  
  180  15:57  Ghost x2, Marine  
  180  16:00  Marine x5  
  180  16:01  Marine  
  180  16:03  Siege Tank  
  180  16:04  SCV x5  
  172  16:09  Siege Tank  
  172  16:11  SCV  
  176  16:16  SCV x4  
  176  16:18  Liberator  
  183  16:20  Liberator  
  186  16:28  SCV  
  186  16:29  SCV  
  186  16:30  Sensor Tower  
  186  16:32  Missile Turret  
  188  16:34  Marauder x2  
  188  16:38  Marauder  
  194  16:41  SCV  
  194  16:43  Orbital Command  
  189  16:51  Ghost x2  
  166  16:55  Ghost  
  154  17:04  Siege Tank  
  154  17:07  Siege Tank  
  160  17:09  Ghost  
  160  17:15  Missile Turret  
  162  17:17  Sensor Tower  
  162  17:18  SCV  
  162  17:19  SCV  
  162  17:20  SCV x2  
  162  17:21  SCV  
  167  17:23  SCV  
  167  17:26  Medivac x2  
  172  17:31  Orbital Command  
  172  17:37  Missile Turret  
  172  17:38  Siege Tank  
  172  17:40  Missile Turret  
  172  17:41  Terran Vehicle And Ship Armor Level 1  
  174  17:45  Marine  
  174  17:51  Marine x5, Marauder  
  155  17:54  Siege Tank  
  155  17:55  Marine x4  
  155  17:56  Medivac  
  151  18:03  Marine  
  152  18:09  Medivac, Marine x5  
  152  18:12  Marine  
  159  18:13  Orbital Command, Marine x2, Marauder  
  159  18:16  Marine  
  165  18:21  Marine  
  165  18:22  Siege Tank  
  165  18:27  Marine x3  
  148  18:50  Orbital Command  
  148  18:51  Siege Tank, Marine  
  148  18:54  Siege Tank  
  151  18:57  Marine x9  
  151  18:58  Marine  
  161  19:09  Marine  
  162  19:15  Marine  
  163  19:23  Siege Tank  
  166  19:27  Marine  
  166  19:29  Marine  
  166  19:30  Marine  
  149  19:31  Marine x7  
  149  19:32  Marine  
  114  19:40  Orbital Command  
  114  19:45  Marine  
  105  19:47  Marine  
  105  19:48  Marine  
  111  20:06  Ghost x5  
  108  20:12  Siege Tank  
  111  20:14  Refinery x2  
  111  20:17  Medivac  
  111  20:18  Medivac  
  79  20:32  Marine  
  79  20:34  SCV  
Show
View Real Time Build Order
Export as new Build Order

Serral Zerg - Winner!

Build Orders: Hatch First, Lurkers 

Get SALT Encoding   

  12  0:00  Drone  
  13  0:12  Overlord  
  13  0:16  Drone  
  14  0:30  Drone  
  14  0:31  Drone  
  16  0:48  Hatchery  
  15  0:50  Drone  
  15  0:55  Drone  
  17  0:58  Drone  
  18  1:08  Extractor  
  17  1:13  Spawning Pool  
  17  1:16  Drone  
  17  1:20  Drone  
  18  1:27  Drone  
  19  1:38  Drone  
  20  1:49  Drone  
  21  1:59  Queen  
  21  2:00  Queen, Zergling x4  
  27  2:10  Drone, Overlord  
  28  2:22  Hatchery  
  27  2:24  Drone  
  27  2:28  Drone  
  29  2:32  Drone x2  
  31  2:39  Queen  
  32  2:44  Overlord  
  32  2:48  Drone  
  33  2:53  Drone x2  
  35  3:02  Queen  
  35  3:03  Overlord  
  37  3:08  Drone  
  37  3:09  Drone x2  
  37  3:11  Drone  
  41  3:15  Drone  
  42  3:21  Queen  
  42  3:22  Drone  
  42  3:25  Drone  
  46  3:33  Extractor, Roach Warren, Drone  
  45  3:34  Drone  
  45  3:38  Queen  
  45  3:40  Drone  
  49  3:45  Overlord  
  49  3:46  Drone  
  51  3:48  Drone  
  51  3:49  Drone  
  51  3:54  Overlord  
  52  3:56  Drone x3  
  52  4:01  Overlord  
  55  4:12  Drone  
  55  4:13  Drone, Lair  
  57  4:17  Roach x3  
  57  4:23  Roach x2, Drone  
  68  4:25  Drone  
  68  4:26  Drone  
  68  4:27  Drone  
  68  4:28  Drone  
  68  4:31  Overlord  
  72  4:33  Drone  
  74  4:38  Drone  
  74  4:40  Overlord  
  74  4:47  Drone x4  
  74  4:49  Spore Crawler  
  74  4:51  Spore Crawler  
  76  4:56  Drone x3  
  76  4:58  Spore Crawler  
  76  4:59  Extractor x2  
  76  5:04  Overlord  
  76  5:05  Roach  
  76  5:06  Drone x3  
  81  5:07  Drone x2  
  81  5:11  Drone x2  
  81  5:12  Overseer  
  81  5:13  Evolution Chamber  
  84  5:15  Evolution Chamber, Drone x2  
  84  5:17  Drone x2  
  84  5:19  Glial Reconstitution, Drone  
  87  5:24  Extractor x2  
  85  5:28  Overlord  
  85  5:29  Drone x2  
  85  5:32  Drone  
  89  5:35  Drone x6  
  89  5:39  Overlord  
  89  5:42  Zerg Missile Weapons Level 1  
  94  5:48  Hatchery  
  93  5:53  Infestation Pit  
  93  5:56  Roach x4  
  98  6:01  Overseer  
  98  6:02  Zerg Ground Armor Level 1  
  98  6:07  Overlord, Metabolic Boost  
  98  6:10  Roach x2  
  98  6:11  Roach  
  104  6:20  Roach x2  
  104  6:21  Roach x2  
  104  6:24  Overlord  
  112  6:26  Drone x6  
  112  6:31  Drone  
  119  6:34  Infestor x2  
  119  6:39  Hive, Hydralisk Den  
  122  6:40  Drone x2  
  122  6:46  Roach x4  
  132  6:48  Overlord  
  132  6:51  Roach  
  134  6:57  Zergling x6  
  134  7:01  Extractor, Drone, Queen  
  137  7:03  Overlord x2  
  137  7:04  Extractor, Zergling x4  
  137  7:05  Zergling x2  
  137  7:06  Zergling x2  
  142  7:08  Ravager  
  142  7:09  Ravager x2  
  142  7:13  Lurker Den, Zergling x2  
  142  7:14  Zergling x4  
  147  7:21  Zergling x8  
  151  7:37  Drone x5  
  151  7:40  Drone  
  154  7:44  Zerg Melee Weapons Level 1  
  154  7:52  Zergling x8  
  158  8:01  Overlord  
  158  8:02  Overlord x3  
  158  8:05  Hydralisk  
  158  8:06  Hydralisk x4  
  158  8:10  Zerg Ground Armor Level 2  
  158  8:11  Seismic Spines, Adrenal Glands  
  168  8:21  Overlord  
  168  8:22  Overlord, Overseer  
  168  8:25  Drone x2  
  168  8:26  Drone x4  
  174  8:27  Hydralisk x2  
  174  8:32  Drone  
  174  8:33  Nydus Network, Lurker x3  
  174  8:34  Spore Crawler, Lurker x2  
  183  8:38  Pneumatized Carapace  
  183  8:43  Hatchery  
  182  8:53  Lurker x2  
  182  8:54  Overseer  
  184  9:07  Zergling x14  
  190  9:12  Baneling Nest  
  189  9:18  Zergling x14  
  196  9:27  Adaptive Talons  
  196  9:29  Baneling Nest  
  197  9:31  Drone x3  
  197  9:35  Muscular Augments  
  199  9:40  Drone x2  
  199  9:41  Nydus Canal  
  199  9:42  Drone x3  
  199  9:44  Drone x5  
  198  9:48  Drone  
  198  9:51  Drone  
  196  9:53  Drone x2  
  196  9:58  Nydus Canal  
  196  9:59  Hydralisk  
  188  10:09  Zerg Melee Weapons Level 2  
  188  10:11  Hydralisk x3, Zergling x2  
  188  10:12  Zergling x4  
  193  10:22  Drone x5  
  193  10:27  Zerg Ground Armor Level 3  
  198  10:31  Hydralisk x2, Zergling x4  
  198  10:32  Zergling x2  
  198  10:34  Hatchery  
  188  10:42  Viper x2  
  184  10:44  Drone x3  
  184  10:47  Grooved Spines, Drone x3  
  184  10:48  Lurker x4  
  200  10:51  Pathogen Glands, Burrow  
  200  10:55  Spore Crawler, Overlord  
  200  10:57  Zergling x2  
  200  11:04  Hatchery  
  199  11:16  Centrifugal Hooks  
  199  11:19  Unknown  
  199  11:20  Zergling x6  
  199  11:23  Overseer  
  197  11:30  Zergling x4  
  197  11:31  Zergling x2  
  198  11:39  Hydralisk x3  
  178  11:40  Hydralisk x3  
  175  11:54  Drone x3  
  175  11:56  Zergling x6  
  175  11:57  Zergling x32  
  175  12:00  Spire  
  196  12:09  Baneling x11  
  196  12:17  Infestor x2  
  196  12:19  Hydralisk, Baneling x4  
  196  12:20  Zergling x32  
  196  12:21  Overseer  
  192  12:25  Zerg Missile Weapons Level 2  
  192  12:26  Infestor x3  
  198  12:31  Zergling x4  
  198  12:33  Baneling x5  
  172  12:52  Zergling x34  
  172  12:54  Nydus Canal  
  172  12:55  Zergling x10  
  172  12:56  Zergling x14  
  197  13:07  Drone  
  197  13:08  Spore Crawler x2  
  197  13:10  Zergling x8  
  200  13:15  Baneling x11  
  200  13:25  Neural Parasite  
  200  13:27  Greater Spire  
  200  13:28  Baneling  
  200  13:29  Baneling x4  
  200  13:32  Spore Crawler  
  200  13:33  Spore Crawler  
  198  13:36  Baneling x7  
  198  13:37  Zergling x4  
  199  13:51  Infestor x4  
  180  13:57  Zergling x46  
  180  14:02  Zergling x2  
  182  14:03  Zergling x24  
  182  14:06  Hatchery  
  182  14:09  Baneling x9  
  192  14:15  Infestor  
  192  14:16  Overlord  
  190  14:20  Overlord  
  190  14:21  Zergling x8  
  191  14:31  Baneling  
  191  14:32  Baneling x6  
  191  14:34  Baneling x2  
  191  14:38  Zergling x18  
  200  14:40  Overseer  
  200  14:46  Zerg Melee Weapons Level 3, Zerg Missile Weapons Level 3  
  192  14:55  Zergling x18  
  192  14:56  Zergling x10  
  192  15:00  Zergling x20  
  192  15:04  Zergling x8  
  192  15:05  Zergling x4  
  197  15:07  Zerg Flyer Weapons Level 1  
  197  15:16  Zergling x4  
  197  15:18  Nydus Canal  
  197  15:21  Baneling x10, Overseer  
  199  15:32  Zergling x4  
  200  15:36  Nydus Canal  
  200  15:40  Infestor x3  
  186  15:51  Zergling x40  
  186  15:54  Zergling x2  
  186  15:55  Zergling x22  
  193  16:02  Hydralisk  
  193  16:03  Hydralisk x6  
  193  16:04  Overseer  
  193  16:07  Drone x2  
  193  16:08  Spore Crawler x2  
  193  16:11  Baneling x12, Zergling x4  
  193  16:12  Zergling x10  
  200  16:28  Baneling x8  
  187  16:50  Zergling x36  
  187  16:51  Zergling x14  
  194  16:59  Zergling x26  
  194  17:01  Zerg Flyer Armor Level 1  
  194  17:05  Zergling x12  
  200  17:13  Baneling x17  
  198  17:49  Zergling x18  
  198  17:50  Zergling x2  
  194  17:58  Zergling x12  
  199  18:07  Baneling x11  
  198  18:19  Zergling x2  
  199  18:33  Extractor  
  199  18:34  Drone x2, Extractor  
  190  18:44  Zergling x2  
  190  18:45  Zergling x32  
  178  18:51  Infestor  
  178  18:53  Zergling x48  
  178  18:55  Zergling x16  
  199  18:59  Baneling  
  199  19:00  Baneling x11  
  197  19:04  Baneling x5  
  197  19:07  Zergling x6  
  199  19:14  Hatchery  
  198  19:23  Zergling x6  
  167  19:32  Zergling x2  
  167  19:33  Zergling x48  
  170  19:40  Hydralisk x4, Overseer  
  170  19:41  Hydralisk x2  
  170  19:45  Zergling x12  
  177  19:48  Zergling x2  
  178  19:55  Zergling x16  
  178  19:59  Baneling x15  
  186  20:02  Overseer  
  183  20:10  Zergling x32  
  194  20:26  Zergling x24  
  187  20:29  Zergling x6  
  187  20:33  Zergling x6  
  186  20:38  Zergling x18  
Tags
 
Add a new tag
Caveats
  • Supply blocks, unpowered buildings, or Contaminate may cause inaccurate times.
  • Supply counts are checked every 10 seconds.